 Dungeon Crawl Stone Soup version 0.30.0-29-ga12c61a403 (webtiles) character file.

Game seed: 12822281445901336440

202 Charmandara the Cleaver (level 5, 12/42 HPs)
             Began as a Hill Orc Reaver on June 7, 2023.
             Quit the game on level 4 of the Dungeon.
             The game lasted 00:06:40 (2982 turns).

Charmandara the Cleaver (Hill Orc Reaver)           Turns: 2982, Time: 00:06:40

Health: 12/42      AC:  7    Str: 17    XL:     5   Next: 80%
Magic:  7/7        EV: 11    Int: 13    God:
Gold:   144        SH:  0    Dex:  9    Spells: 6/7 levels left

rFire   . . .        a - +0 hand axe (freeze)
rCold   . . .        (no shield)
rNeg    . . .        b - +0 leather armour
rPois   .            i - +2 helmet
rElec   .            l - +0 cloak
rCorr   .            (no gloves)
SInv    .            (no boots)
Will    .....        (no amulet)
Stlth   +            (no ring)
HPRegen 0.27/turn    (no ring)
MPRegen 0.10/turn

%: no passive effects
@: no status effects
A: no striking features
a: no special abilities


You were on level 4 of the Dungeon.
You visited 1 branch of the dungeon, and saw 4 of its levels.

You collected 144 gold pieces.

Inventory:

Hand Weapons
 a - a +0 hand axe of freezing (weapon)
Missiles
 d - 2 throwing nets
Armour
 b - a +0 leather armour (worn)
 i - a +2 helmet (worn)
 l - a +0 cloak (worn)
 p - a +0 scale mail
Scrolls
 k - 2 scrolls of noise
Potions
 n - 2 potions of ambrosia
 o - a potion of magic


   Skills:
 - Level 2.4 Fighting
 + Level 8.3 Axes
 - Level 1.5 Dodging
 - Level 1.5 Spellcasting
 - Level 3.0 Conjurations


You had 6 spell levels left.
You knew the following spells:

 Your Spells              Type           Power      Damage    Failure   Level
a - Kiss of Death         Conj/Necr      16%        2d6       19%         1

Your spell library contained the following spells:

 Spells                   Type           Power      Damage    Failure   Level
 Momentum Strike          Conj/Tloc      8%         3d8       26%         2
 Hailstorm                Conj/Ice       4%         3d4       47%         3
 Frozen Ramparts          Ice            2%         1d1       69%         3
 Ice Form                 Ice/Tmut       1%         N/A       97%         4
 Summon Ice Beast         Ice/Summ       1%         N/A       97%         4


Dungeon Overview and Level Annotations

Branches:
Dungeon (4/15)
 Temple: D:4-7

Altars:

Shops:
D:4 [

Annotations:
D:4 Ijyb; javelincjr's ghost, amateur OpSu


Message History

You closely miss the cerulean imp.
The cerulean imp is severely wounded.
The cerulean imp hits you but does no damage.
You feel better. The cerulean imp closely misses you.
The cerulean imp barely misses you.
Javelincjr's ghost casts a spell.
The cerulean imp hits you from afar with a +1 spear.
There is a collapsed entrance here.
You see here 10 gold pieces.
You hit the river rat. You freeze the river rat.
The river rat is moderately wounded.
The cerulean imp barely misses you.
You closely miss the river rat.
The river rat is moderately wounded.
The river rat bites you but does no damage.
The cerulean imp hits you from afar with a +1 spear.
You barely miss the river rat.
The river rat is lightly wounded.
The river rat closely misses you.
You hit the river rat but do no damage.
The river rat is lightly wounded.
The cerulean imp hits you but does no damage.
The river rat barely misses you.
You hit the river rat. You freeze the river rat.
The river rat is moderately wounded.
The cerulean imp misses you. The river rat bites you.
Javelincjr's ghost casts a spell.
You hit the river rat but do no damage.
The river rat is moderately wounded.
The cerulean imp closely misses you. The river rat misses you.
You hit the river rat. You freeze the river rat.
The river rat is almost dead.
You hear the slow rusting of a very distant drain.
The cerulean imp hits you but does no damage.
The river rat bites you.
* * * LOW HITPOINT WARNING * * *
Are you sure you want to abandon this character and quit the game? (Confirm with "yes".)
Okay, then.
Unknown command.
Are you sure you want to abandon this character and quit the game? (Confirm with "yes".)

#.......##.......?..
#######.##.#..##.#.
#........#
####.#r#.# #.#b###
#.#W## #.#5# #.#r#
#.#@# #.#~# #.###
##. .


You could see javelincjr's ghost, a cerulean imp (summoned), a river rat
(summoned), a quokka (summoned) and a bat (summoned).

Vanquished Creatures
  Natasha (thrice) (D:3)
  4 gnolls
  4 adders
  2 worms (D:2)
  4 ball pythons
  9 bats
  5 endoplasms
  4 goblins
  5 hobgoblins
  4 kobolds
  3 frilled lizards
  6 rats
53 creatures vanquished.

Notes
Turn   | Place    | Note
-------+----------+-------------------------------------------
     0 | D:1      | Charmandara the Hill Orc Reaver began the quest for the
                  | Orb.
     0 | D:1      | Reached XP level 1. HP: 18/18 MP: 3/3
   209 | D:1      | Reached XP level 2. HP: 25/25 MP: 4/4
   330 | D:1      | Reached skill level 5 in Axes
   943 | D:2      | Reached XP level 3. HP: 18/30 MP: 5/5
  1330 | D:1      | Reached skill level 6 in Axes
  1486 | D:1      | Reached XP level 4. HP: 6/27 MP: 4/6
  2290 | D:3      | Noticed Natasha
  2308 | D:3      | Killed Natasha
  2309 | D:3      | Reached skill level 7 in Axes
  2309 | D:3      | Reached XP level 5. HP: 9/39 MP: 7/7
  2496 | D:3      | Noticed Natasha
  2507 | D:3      | Killed Natasha
  2546 | D:3      | Noticed Natasha
  2556 | D:3      | Killed Natasha
  2651 | D:3      | Reached skill level 8 in Axes
  2828 | D:4      | Found Buevuk's Armour Shoppe.
  2831 | D:4      | Noticed Ijyb
  2890 | D:4      | Found a runed translucent door.
  2898 | D:4      | Noticed javelincjr's ghost (amateur OpSu)
  2982 | D:4      | Quit the game

Illustrated notes

Levels and vault maps discovered:
D:1:      saegor_arrival_simple_e, layout_loops_corners
D:2:      layout_loops_corners
D:3:      layout_rooms, uniq_natasha
D:4:      layout_loops_cross, ebering_ghost_sewer_d, serial_shops, shop,
          serial_undead, serial_undead_b, serial_undead_b, serial_undead_c,
          serial_undead_c, serial_undead_e, serial_undead_e,
          cheibrodos_sewer_entry_bend, uniq_menkaure, uniq_ijyb

Skill      XL: |  1  2  3  4  5 |
---------------+----------------+-----
Axes           | 5 6 7 8 |  8.3
Fighting       | |  2.4
Dodging        | |  1.5
Spellcasting   | |  1.5
Conjurations   | |  3.0

Action                     |  1- 3 |  4- 6 || total
---------------------------+-------+-------++-------
  Melee: Hand axe          |    98 |   142 ||   240
         Punch             |       |     1 ||     1
   Cast: Kiss of Death     |     3 |       ||     3
    Use: Scroll            |     1 |     8 ||     9
         Potion            |     1 |     6 ||     7
   Stab: Invisible         |       |     4 ||     4
 Armour: Leather armour    |    38 |    54 ||    92
  Dodge: Dodged            |    57 |    93 ||   150
